 Dungeon Crawl Stone Soup version 0.30.0 (webtiles) character file.

Game seed: 215363913396946524

602 mdonais the Trooper (level 7, -2/64 HPs)
             Began as a Pale Draconian Cinder Acolyte on May 5, 2023.
             Was a High Priest of Ignis.
             Slain by an orc
             ... wielding a +0 falchion
              (6 damage)
             ... on level 4 of the Dungeon.
             The game lasted 00:16:23 (5609 turns).

mdonais the Trooper (Pale Draconian Cinder Acolyte) Turns: 5609, Time: 00:16:24

Health: -2/64      AC:  7    Str: 16    XL:     7   Next: 18%
Magic:  8/8        EV: 11    Int: 14    God:    Ignis [*****.]
Gold:   241        SH:  4    Dex:  9    Spells: 6/8 levels left

rFire   + . .        a - +0 long sword (heavy)
rCold   . . .        n - +0 buckler
rNeg    . . .        (body armour unavailable)
rPois   .            (helmet restricted)
rElec   .            (no cloak)
rCorr   .            g - +0 pair of gloves
SInv    .            (no boots)
Will    .....        (no amulet)
Stlth   +            (no ring)
HPRegen 0.30/turn    (no ring)
MPRegen 0.11/turn

%: no passive effects
@: on berserk cooldown, flying, slowed, very slow
A: breathe steam, AC +6, unfitting armour, cold-blooded, steam resistance
a: Breathe Steam, Renounce Religion, Fiery Armour, Foxfire Swarm, Rising Flame


You were on level 4 of the Dungeon.
You worshipped Ignis.
Ignis was extremely pleased with you.
You visited 1 branch of the dungeon, and saw 4 of its levels.

You collected 241 gold pieces.

Inventory:

Hand Weapons
 a - a +0 heavy long sword (weapon)
   (You found it on level 1 of the Dungeon)
 b - a +1 dagger of speed
   (You took it off a goblin on level 1 of the Dungeon)
 c - a +0 dagger of venom
   (You took it off a kobold on level 1 of the Dungeon)
 d - a -1 falchion of flaming
 p - a +0 sling
   (You found it on level 3 of the Dungeon)
Missiles
 J - an atropa-tipped dart (quivered)
Armour
 g - a +0 pair of gloves (worn)
   (You found it on level 1 of the Dungeon)
 n - a +0 buckler (worn)
   (You found it on level 2 of the Dungeon)
Jewellery
 m - a ring of ice
   (You found it on level 1 of the Dungeon)
 s - a ring of fire
   (You found it on level 3 of the Dungeon)
Scrolls
 e - 2 scrolls of identify {unknown}
 i - 3 scrolls of teleportation {unknown}
 j - a scroll of vulnerability {unknown}
 o - a scroll of summoning {unknown}
 r - a scroll of fog {unknown}
Potions
 f - a potion of mutation {unknown}
 h - a potion of curing {unknown}
 k - a potion of magic
 l - a potion of flight


   Skills:
 * Level 6.7 Fighting
 - Level 3.9 Long Blades
 - Level 2.1 Dodging
 - Level 4.0 Shields
 - Level 1.0 Spellcasting
 - Level 3.2 Fire Magic


You had 6 spell levels left.
You knew the following spells:

 Your Spells              Type           Power      Damage    Failure   Level
a - Scorch                Fire           18%        2d5       13%         2

Your spell library contained the following spells:

 Spells                   Type           Power      Damage    Failure   Level
 Magic Dart               Conj           0%         1d3       32%         1
 Call Imp                 Summ           0%         N/A       45%         2
 Mephitic Cloud           Conj/Pois/Air  0%         N/A       69%         3


Dungeon Overview and Level Annotations

Branches:
Dungeon (4/15) Zot: 18369
 Temple: D:4-7

Altars:

Shops:
D:3 (


Innate Abilities, Weirdness & Mutations

You can breathe blasts of scalding, opaque steam.
Your pale cyan-grey scales are hard. (AC +6)
You cannot fit into any form of body armour.
You are cold-blooded and may be slowed by cold attacks.
You are immune to the effects of steam.


Message History

Eustachio is heavily wounded.
You block Eustachio's attack. Eustachio hits you but does no damage.
You hit Eustachio.
Eustachio is heavily wounded.
Eustachio hits you with a +0 rapier. x2
You take 3 damage, and have 48/57 hp.
You miss Eustachio.
Eustachio is heavily wounded.
Eustachio is no longer more vulnerable to fire.
Eustachio gestures wildly while chanting.
Eustachio hits you with a +0 rapier!
You take 7 damage, and have 41/57 hp.
Casting: Scorch (safe; 14% risk of failure)
Confirm with . or Enter, or press ? or * to list all spells.
Flames lash the ufetubus.
The ufetubus is burned terribly!
The ufetubus is heavily wounded.
The ufetubus's fire resistance burns away.
Eustachio closely misses you.
You now have 0/7 mp.
You barely miss Eustachio. You tail-slap Eustachio.
Eustachio is heavily wounded.
The ufetubus barely misses you. The ufetubus closely misses you.
Eustachio gestures wildly while chanting.
The ufetubus hits you. The ufetubus closely misses you.
Eustachio barely misses you.
You take 4 damage, and have 38/57 hp.
You barely miss Eustachio.
Eustachio is heavily wounded.
The ufetubus is no longer more vulnerable to fire.
The quasit disappears in a puff of smoke!
The ufetubus hits you. x2; You block the ufetubus's attack.
The ufetubus hits you but does no damage.
You block Eustachio's attack. The ufetubus hits you.
The ufetubus barely misses you. Eustachio hits you but does no damage.
You take 5 damage, and have 33/57 hp.
You block the shadow imp's attack. The ufetubus barely misses you.
The ufetubus hits you. Eustachio hits you with a +0 rapier.
You climb downwards.
The ufetubus disappears in a puff of smoke!
The shadow imp disappears in a puff of smoke!
The quasit disappears in a puff of smoke!
An orc comes into view. It is wielding a +0 hand axe.
There is a stone staircase leading up here.
You take 4 damage, and have 29/57 hp.
The orc shouts!
You hit Eustachio but do no damage.
Eustachio is heavily wounded.
The orc hits you but does no damage. Eustachio hits you with a +0 rapier.
The orc hits you but does no damage. Eustachio hits you but does no damage.
An orc wizard comes into view. It is wielding a +0 dagger.
You take 1 damage, and have 28/57 hp.
You barely miss Eustachio.
The orc wizard shouts!
Your tail-slap misses Eustachio.
Eustachio is heavily wounded.
The orc wizard casts a spell at you.
The magic dart hits you but does no damage.
The orc hits you with a +0 dagger. Eustachio hits you with a +0 rapier.
The orc hits you with a +0 dagger.
You take 10 damage, and have 18/57 hp.
The orc shouts!
You slash Eustachio!
Your tail-slap misses Eustachio.
Eustachio is almost dead.
Eustachio barely misses you.
The orc wizard gestures at you while chanting.
You resist with some effort. The orc hits you with a +0 dagger.
* * * LOW HITPOINT WARNING * * *
Eustachio hits you but does no damage.
You take 3 damage, and have 15/57 hp.
It was a potion of flight.
You feel very buoyant.
You fly up into the air.
l - a potion of flight;
m - a ring of ice Eustachio hits you but does no damage.
It was a potion of magic.
Magic courses through your body. The orc hits you but does no damage.
Eustachio hits you with a +0 rapier.
* * * LOW HITPOINT WARNING * * *
You take 1 damage, and have 14/57 hp.
MP restored: 7 It was a potion of berserk rage.
A red film seems to cover your vision as you go berserk!
You feel yourself moving faster!
You feel mighty! The orc barely misses you.
The orc wizard gestures at you while chanting.
The puff of flame hits you. You resist.
* * * LOW HITPOINT WARNING * * *
The orc hits you but does no damage.
The orc throws a boomerang.
The boomerang misses you. Eustachio barely misses you.
You now have 15/85 hp.
You closely miss Eustachio.
Eustachio is almost dead.
The orc closely misses you. The orc hits you with a +0 short sword.
* * * LOW HITPOINT WARNING * * *
Eustachio hits you but does no damage. The orc hits you with a +0 dagger.
* * * LOW HITPOINT WARNING * * *
The orc hits you but does no damage. x2; Eustachio misses you.
You take 6 damage, and have 9/85 hp.
You slash Eustachio!
You kill Eustachio!
The orc hits you but does no damage. x2; The orc closely misses you.
Training target 4.0 for Shields reached!
Your Shields skill increases to level 4!
You have reached level 7!
Your scales start taking on a pale cyan-grey colour.
You learn Fire Magic quicker.
You learn Air Magic quicker.
You learn Evocations quicker.
You can breathe blasts of scalding, opaque steam.
You are now immune to the effects of steam.
You regained 2 hp, and now have 11/96 hp.
MP restored: 8 You slice the orc!!
You kill the orc!
The orc barely misses you. x2
The ball python hisses angrily.
You slice the orc!!
You kill the orc!
You block the orc's attack. The orc hits you with a +0 hand axe.
* * * LOW HITPOINT WARNING * * *
The orc closely misses you.
You take 1 damage, and have 10/96 hp.
You barely miss the orc wizard. The orc barely misses you.
The orc hits you with a +0 hand axe.
* * * LOW HITPOINT WARNING * * *
The orc wizard hits you but does no damage.
You take 1 damage, and have 9/96 hp.
You slash the orc wizard!
You kill the orc wizard!
The orc barely misses you. The orc hits you with a +0 hand axe.
* * * LOW HITPOINT WARNING * * *
You barely miss the orc. The orc hits you with a +0 falchion.
* * * LOW HITPOINT WARNING * * *
The orc misses you.
You take 2 damage, and have 7/96 hp.
You barely miss the orc. You block the orc's attack.
The orc hits you with a +0 hand axe.
* * * LOW HITPOINT WARNING * * *
The ball python bites you.
* * * LOW HITPOINT WARNING * * *
The ball python barely misses you.
You take 1 damage, and have 6/96 hp.
You barely miss the orc. The orc barely misses you. You block the orc's attack.
You block the ball python's attack. The ball python grabs you.
The ball python constricts you. You block the orc's attack.
The orc closely misses you.
You slash the ball python!
You kill the ball python!
You are no longer berserk.
You are exhausted.
You feel yourself slow down. The orc hits you but does no damage.
The orc hits you with a +0 falchion.
You die...

.... .# ....
.#... ...# .....
#..##.... . #
#........ ..#.
##.....#
.....#))....#
......o@†...##..
##..#.o)).......
#....##..###...
##..)#...##
##.......#
...............o
................
................
....o##....##...


You could see 2 orcs.

Vanquished Creatures
  Eustachio (D:4)
  The ghost of Jase the Covered, an amateur MiFi of Jiyva (D:3)
  2 orc priests (D:3)
  A gnoll bouda (D:2)
  An orc wizard (D:4)
  A scorpion simulacrum (D:3)
  9 gnolls
  6 adders
  2 hound simulacra (D:3)
  2 worms (D:2)
  A dart slug (D:1)
  An adder simulacrum (D:3)
  6 orcs
  13 ball pythons
  5 bats
  2 endoplasms
  3 giant cockroaches
  9 goblins
  8 hobgoblins
  3 kobolds
  3 quokkas
  A ball python simulacrum (D:3)
  2 frilled lizards (D:2)
  4 rats
87 creatures vanquished.

Notes
Turn   | Place    | Note
-------+----------+-------------------------------------------
     0 | D:1      | mdonais the Draconian Cinder Acolyte began the quest for
                  | the Orb.
     0 | D:1      | Reached XP level 1. HP: 19/19 MP: 2/2
   172 | D:1      | Reached XP level 2. HP: 17/26 MP: 3/3
   356 | D:1      | Reached skill level 1 in Dodging
   618 | D:1      | Reached XP level 3. HP: 33/33 MP: 4/4
   701 | D:1      | Learned a level 2 spell: Scorch
   756 | D:2      | Found a faded altar of an unknown god.
  1134 | D:2      | Reached skill level 4 in Fighting
  1768 | D:2      | Reached XP level 4. HP: 37/40 MP: 1/5
  2772 | D:2      | Reached XP level 5. HP: 47/47 MP: 3/6
  3150 | D:3      | Found a runed translucent gate.
  3150 | D:3      | Found a runed translucent gate.
  3150 | D:3      | Found a runed translucent gate.
  3162 | D:3      | Reached skill level 1 in Shields
  3412 | D:3      | Reached skill level 5 in Fighting
  3413 | D:3      | Found Erallit's Weapon Shoppe.
  3967 | D:3      | Reached XP level 6. HP: 39/56 MP: 5/7
  4371 | D:3      | Noticed Jase's ghost (amateur MiFi)
  4424 | D:3      | Killed Jase's ghost
  4680 | D:3      | Reached skill level 6 in Fighting
  4802 | D:3      | Found Erallit's Weapon Shoppe.
  5397 | D:4      | Noticed Eustachio
  5601 | D:4      | Killed Eustachio
  5602 | D:4      | Your scales start taking on a pale cyan-grey colour.
  5602 | D:4      | Reached XP level 7. HP: 11/64 MP: 8/8
  5602 | D:4      | Gained mutation: You are immune to the effects of steam.
                  | [Pale Draconian growth]
  5609 | D:4      | Slain by an orc

Illustrated notes

Levels and vault maps discovered:
D:1:      ncdulo_halloftheorcs, layout_basic
D:2:      layout_basic, nicolae_ecumenical_oubliette, minmay_liquid_box,
          kennysheep_crisscross, kennysheep_nub, st_stairs_14, roderic_lattice_a
D:3:      layout_loops_ring, gammafunk_ghost_icy, serial_shops,
          nicolae_shop_pleasant_corner_grove
D:4:      layout_layer_cave, uniq_eustachio

Skill      XL: |  1  2  3  4  5  6 |
---------------+-------------------+-----
Dodging        | 1 2 |  2.1
Fighting       | 4 5 6 |  6.7
Shields        | 2 4 |  4.0
Long Blades    | |  3.9
Spellcasting   | |  1.0
Fire Magic     | |  3.2

Action                     |  1- 3 |  4- 6 |  7- 9 || total
---------------------------+-------+-------+-------++-------
  Melee: Falchion          |    11 |       |       ||    11
         Long sword        |     9 |    62 |     8 ||    79
         Tailslap          |     7 |    17 |       ||    24
         Dagger            |    98 |    72 |       ||   170
         Punch             |     1 |       |       ||     1
  Throw: Dart              |       |     5 |       ||     5
   Cast: Scorch            |    35 |    57 |       ||    92
    Use: Potion            |       |     3 |       ||     3
 Armour: Skin              |    50 |    47 |     2 ||    99
  Dodge: Dodged            |    64 |    72 |     9 ||   145
  Block: Buckler           |       |    19 |     5 ||    24
